 Dungeon Crawl Stone Soup version 0.28-a0-1038-g9c4cb8273d (webtiles) character file.

Game seed: 9756724382332795476

107 garbled the Twirler (level 4, -1/34 HPs)
             Began as a Demonspawn Gladiator on Dec 8, 2021.
             Succumbed to Robin's poison
             ... on level 2 of the Dungeon.
             The game lasted 00:03:59 (1864 turns).

garbled the Twirler (Demonspawn Gladiator)          Turns: 1864, Time: 00:03:59

Health: -1/34      AC: 11    Str: 13 (16) XL:     4   Next: 57%
Magic:  4/4        EV:  5    Int:  9 (10) God:
Gold:   55         SH:  4    Dex: 11 (14) Spells: 3/3 levels left

rFire   . . .      SeeInvis .   a - +0 quarterstaff
rCold   . . .      Faith    .   (shield currently unavailable)
rNeg    . . .      Spirit   .   g - +0 plate armour
rPois   .          Reflect  .   c - +0 helmet
rElec   .          Harm     .   (no cloak)
rCorr   .          Rampage  .   (no gloves)
Will    .....                   (no boots)
Stlth   ..........              (no amulet)
HPRegen 0.11/turn               (no ring)
MPRegen 0.09/turn               (no ring)

@: lethally poisoned (-1 -> -20)
A: sturdy frame 1, condensation shield
a: no special abilities


You were on level 2 of the Dungeon.
You visited 1 branch of the dungeon, and saw 2 of its levels.

You collected 55 gold pieces.

Inventory:

Hand Weapons
 a - a +0 quarterstaff (weapon)
Missiles
 d - 3 throwing nets
 f - 20 stones
 i - 5 poisoned darts (quivered)
Armour
 b - a +0 leather armour
 c - a +0 helmet (worn)
 g - a +0 plate armour (worn)
Potions
 h - a potion of might


   Skills:
 + Level 2.9 Fighting
 * Level 4.0 Staves
 - Level 1.7 Throwing
 + Level 3.3 Dodging


You had 3 spell levels left.
You didn't know any spells.
Your spell library was empty.

Dungeon Overview and Level Annotations

Branches:
Dungeon (2/15)

Altars:


Innate Abilities, Weirdness & Mutations

Your movements are slightly less encumbered by armour. (ER -2)
A meltable shield of frost defends you. (SH +4)


Message History

You kill the endoplasm!
Robin hits you but does no damage.
You are poisoned.
You feel very sick. Robin hits you but does no damage.
You sock Robin!
Robin is heavily wounded.
You feel sick. Robin hits you but does no damage.
You hit Robin but do no damage.
Robin is heavily wounded.
You feel sick.
Robin hits you with a +2 trident of venom.
You are more poisoned.
You closely miss Robin.
Robin is heavily wounded.
You feel very sick.
Robin hits you with a +2 trident of venom.
You are lethally poisoned!
You hit Robin.
Robin is almost dead.
You feel very sick. Robin hits you but does no damage.
You are more poisoned.
Robin roars a battlecry!
You hear a shout! x2
You hit Robin.
You kill Robin!
* * * LOW HITPOINT WARNING * * *
You feel extremely sick.
Your Staves skill increases to level 4! 2 goblins come into view.
* * * LOW HITPOINT WARNING * * *
You feel very sick.
The goblin shouts!
Items here: ) [[ †.
Unknown command.
It was a potion of degeneration.
There was something very wrong with that liquid.
You feel weakened.
You feel dopey.
You feel clumsy.
You die...

#.....##.# ######..
#.#......# ##.
#....########## #.
####..........# ##.
#..#######.######..
#..# #.#.......
#.<# #.#.####.#
#..# #.#.# #.#
#.@#######.#.####.#
#...gg).....).....#
##.#######.#.######
#.# #.#)###### #.#
#.#g.))ggg
#.#######.########
#.........# #
########### # #


You could see 2 goblins.

Vanquished Creatures
  Robin (D:2)
  4 adders
  A dart slug (D:2)
  6 endoplasms
  A giant cockroach (D:1)
  13 goblins
  5 hobgoblins
  7 kobolds
  2 quokkas (D:2)
  2 ball pythons (D:1)
  2 bats (D:1)
  3 frilled lizards (D:1)
  8 rats
55 creatures vanquished.

Vanquished Creatures (others)
  6 plants (D:2)
6 creatures vanquished.

Grand Total: 61 creatures vanquished

Notes
Turn   | Place    | Note
-------+----------+-------------------------------------------
     0 | D:1      | garbled the Demonspawn Gladiator began the quest for the
                  | Orb.
     0 | D:1      | Reached XP level 1. HP: 16/16 MP: 1/1
   112 | D:1      | Reached skill level 3 in Staves
   243 | D:1      | Gained mutation: Your movements are slightly less
                  | encumbered by armour. (ER -2) [demonic ancestry]
   243 | D:1      | Reached XP level 2. HP: 22/22 MP: 2/2
   654 | D:1      | Reached XP level 3. HP: 28/28 MP: 3/3
  1403 | D:2      | Gained mutation: A meltable shield of frost defends you.
                  | (SH +4) [demonic ancestry]
  1403 | D:2      | Reached XP level 4. HP: 28/34 MP: 4/4
  1499 | D:2      | Noticed Robin
  1862 | D:2      | Killed Robin
  1863 | D:2      | Reached skill level 4 in Staves
  1864 | D:2      | Succumbed to Robin's poison

Illustrated notes

Levels and vault maps discovered:
D:1:      dpeg_arrival_refuge, layout_basic
D:2:      minmay_wonky_spiral, layout_loops_ring, minmay_misc_feat_plants,
          grunt_ministairs_2, minmay_pentomino_u2, uniq_robin

Skill      XL: |  1  2  3  4 |
---------------+-------------+-----
Staves         | 3 4 |  4.0
Dodging        | 3 |  3.3
Fighting       | |  2.9
Throwing       | |  1.7

Action                   |  1- 3 |  4- 6 || total
-------------------------+-------+-------++-------
Melee: Quarterstaff      |   142 |    43 ||   185
Throw: Dart              |       |     3 ||     3
  Use: Potion            |       |     2 ||     2
 Stab: Sleeping          |     3 |       ||     3
       Distracted        |     1 |       ||     1
Armor: Leather armour    |    13 |       ||    13
       Plate armour      |    67 |    51 ||   118
Dodge: Dodged            |    56 |    17 ||    73
Block: Other             |       |    17 ||    17

Table legend: (Time is in decaauts)
 A = Elapsed time spent in this place.
 B = Non-inter-level travel time spent in this place.
 C = Inter-level travel time spent in this place.
 D = Time resting spent in this place.
 E = Time spent auto-exploring this place.
 F = Levels seen in this place.
 G = Mean time per level.
                   A        B        C        D        E       F      G
               +--------+--------+--------+--------+--------+-----+--------+
         Total |   1888 |   1829 |     59 |    287 |   1160 |   2 |  944.0 |
       Dungeon |   1888 |   1829 |     59 |    287 |   1160 |   2 |  944.0 |
               +--------+--------+--------+--------+--------+-----+--------+

Top non-repeatable levels by time:
     D:1: 1272 daAuts
     D:2: 616 daAuts
